 Dungeon Crawl Stone Soup version 0.26-a0-812-g31a745ddcd (webtiles) character file.

Game seed: 15139762563145333266

95725 kae the Severer (level 15, -25/138 HPs)
             Began as a Minotaur Fighter on Dec 10, 2020.
             Was the Champion of Qazlal.
             Killed from afar by Jorgrun (60 damage)
             ... with an iron shot
             ... on level 15 of the Dungeon.
             The game lasted 00:17:02 (20115 turns).

kae the Severer (Minotaur Fighter)                 Turns: 20115, Time: 00:17:02

Health: -25/138    AC: 32    Str: 31    XL:     15   Next: 67%
Magic:  1/22       EV: 16    Int: 11    God:    Qazlal [******]
Gold:   1766       SH: 20    Dex: 13    Spells: 14/14 levels left

rFire    . . .     SeeInvis +   q - +10 war axe of Vodka {vorpal, Dex+3}
rCold    . . .     Faith    .   c - +0 kite shield
rNeg     + . .     Spirit   .   t - +6 pearl dragon scales
rPois    +         Reflect  .   (helmet restricted)
rElec    .         Harm     .   Q - +2 cloak of Touniler {rPois rCorr Str+4}
rCorr    +         Rampage  .   f - +0 pair of gloves
MR       +....                  C - +0 pair of boots
Stlth    ..........             E - amulet of regeneration
HPRegen  0.73/turn              L - ring of see invisible
MPRegen  0.18/turn              K - +6 ring of intelligence

@: protected from physical damage, repel missiles
A: retaliatory headbutt, horns 2
a: Upheaval, Elemental Force, Disaster Area, Renounce Religion


You were on level 15 of the Dungeon.
You worshipped Qazlal.
Qazlal was exalted by your worship.
You visited 3 branches of the dungeon, and saw 22 of its levels.
You visited the Abyss 1 time.
You also visited: Sewer and Gauntlet.

You collected 1817 gold pieces.
You spent 51 gold pieces at shops.

Inventory:

Hand Weapons
 o - a +1 war axe of freezing
 q - the +10 war axe of Vodka (weapon) {vorpal, Dex+3}
   (You found it on level 10 of the Dungeon)

   It inflicts extra damage upon your enemies.
   It affects your dexterity (+3).
 G - a +0 broad axe
Armour
 c - a +0 kite shield (worn)
 f - a +0 pair of gloves (worn)
 m - the cursed +0 acid dragon scales "Cyiwnohe" {*Contam Harm *Drain rElec rPois rCorr}
   (You found it in a Gauntlet)

   It insulates you from electricity.
   It protects you from poison.
   It causes magical contamination when unequipped.
   It provides partial protection from all sources of acid and corrosion.
   It causes draining when unequipped.
   It increases damage dealt and taken.
   It has a curse placed upon it.
 t - +6 pearl dragon scales (worn)
 v - a scarf of repulsion
 C - a +0 pair of boots (worn)
 Q - the +2 cloak of Touniler (worn) {rPois rCorr Str+4}
   (You found it in a Gauntlet)

   It affects your strength (+4).
   It protects you from poison.
   It provides partial protection from all sources of acid and corrosion.
Jewellery
 a - an uncursed ring of protection from cold
 h - an uncursed amulet of the acrobat
 j - an uncursed ring of resist corrosion
 u - an uncursed ring of wizardry
 E - an amulet of regeneration (around neck)
 K - a +6 ring of intelligence (right hand)
 L - a ring of see invisible (left hand)
 P - the cursed ring of Circularity {rElec Dex-4}
   (You found it in a Gauntlet)

   [ring of dexterity]

   It affects your dexterity (-4).
   It insulates you from electricity.
   It has a curse placed upon it.
 X - a cursed -4 ring of evasion {unknown}
Wands
 e - a wand of disintegration (53)
 p - a wand of random effects (34)
 r - a wand of paralysis (37)
 y - a wand of digging (5)
 D - a wand of enslavement (6)
 F - a wand of iceblast (21)
 H - a wand of polymorph (11)
 T - a wand of flame (83)
 W - a wand of acid (9)
Scrolls
 b - 14 scrolls of identify
 g - 2 scrolls of silence
 w - 14 scrolls of remove curse
 B - 6 scrolls of enchant weapon
 M - 2 scrolls of fog
 O - 2 scrolls of amnesia
 S - 4 scrolls of teleportation
 U - 2 scrolls of magic mapping
 Y - a scroll of acquirement {unknown}
 Z - a scroll of brand weapon {unknown}
Potions
 d - 3 potions of might
 i - 4 potions of flight
 k - 10 potions of mutation
 l - 2 potions of magic
 n - 6 potions of curing
 x - 3 potions of berserk rage
 z - 7 potions of brilliance
 A - 4 potions of heal wounds
 I - 4 potions of haste
 J - 3 potions of lignification
 N - a potion of invisibility
 R - a potion of cancellation
 V - a potion of resistance
Miscellaneous
 s - a condenser vane


   Skills:
 + Level 14.0 Fighting
 * Level 18.4 Axes
 + Level 13.9 Armour
 + Level 12.6 Dodging
 + Level 7.7 Shields
 + Level 10.7 Invocations


You had 14 spell levels left.
You didn't know any spells.
Your spell library contained the following spells:

 Spells                   Type           Power        Failure   Level
 Apportation              Tloc           #.....       86%         1
 Sandblast                Erth           #.....       86%         1
 Shock                    Conj/Air       #...         86%         1
 Passwall                 Tmut/Erth      #.......     95%         2
 Swiftness                Air            #.......     95%         2
 Wereblood                Tmut           #.......     95%         2
 Gell's Gravitas          Tloc           #.........   99%         3
 Lesser Beckoning         Tloc           #.........   99%         3
 Portal Projectile        Hex/Tloc       #.....       99%         3
 Static Discharge         Conj/Air       #.......     99%         3
 Stone Arrow              Conj/Erth      #.....       99%         3
 Airstrike                Air            #.........   100%        4
 Ice Form                 Ice/Tmut       #.......     100%        4
 Passage of Golubria      Tloc           N/A          100%        4
 Petrify                  Tmut/Erth      #.......     100%        4
 Lee's Rapid Deconstruct  Erth           #.........   100%        5
 Lightning Bolt           Conj/Air       #.........   100%        5
 Dispersal                Tloc           #.........   100%        6
 Hydra Form               Tmut           #.........   100%        6


Dungeon Overview and Level Annotations

Branches:
Dungeon (15/15)            Temple (1/1) D:5            Lair (6/6) D:8
  Swamp (0/4) Lair:2       Shoals (0/4) Lair:3        Slime (0/5) Lair:5
    Orc (0/2) D:10         Vaults (0/5) D:14          Sewer (visited)
Gauntlet (visited)
 Depths: D:15

Altars:
Ashenzari
Cheibriados
Dithmenos
Elyvilon
Fedhas
Gozag
Hepliaklqana
Kikubaaqudgha
Makhleb
Nemelex Xobeh
Okawaru
Qazlal
Ru
Sif Muna
Trog
Uskayaw
Vehumet
Wu Jian
Xom
Yredelemnul
Zin
The Shining One

Shops:
D:10 !   D:13 (

Annotations:
D:3 exclusion: door
D:6 1 runed translucent door, SamuraiZach's ghost, novice MiFi
D:9 4 runed translucent doors
D:15 Jorgrun; Kirke


Innate Abilities, Weirdness & Mutations

You reflexively headbutt those who attack you in melee.
You have a pair of horns on your head.


Message History

The wizard hits you but does no damage.
You chop one of the 13-headed hydra's heads off!
The 12-headed hydra grows two more!
You slice the 14-headed hydra!! You headbutt the 14-headed hydra!
You kill the 14-headed hydra!
Qazlal accepts your kill.
You slash the wizard!
You kill the wizard!
Qazlal accepts your kill.
Your Fighting skill increases to level 14!
You slash Jorgrun! You slice the boulder beetle!!
You hear two shouts!
You hear a shout!
You block Jorgrun's attack.
A centaur comes into view.
A brown ugly thing comes into view.
You hear a horrible gurgling sound!
You hear a shout!
The centaur wields a +0 shortbow.
The centaur shoots an arrow.
You block the arrow.
Jorgrun points at you and mumbles some strange words.
The iron shot hits you!!!
You die... ## u. .#.. ... ## cz.

# #.####z# .#.
#....#.# ###....
#....cg###.......
#..○☼○.##<.#
#....@hBhT##
#..?§@Qh○.#
#...#.##Z....
....$......###...
.....#...☼.. ...
.....##...... ..
.... ........ .
.... ........


You could see Jorgrun (fast), Kirke, a boulder beetle, a tengu warrior, a troll,
3 hogs, a centaur, 2 wights and a centaur warrior zombie.

Vanquished Creatures
  A daeva (Abyss:2)
  A very ugly thing (Abyss:2)
  Nessos (D:12)
  A minotaur (Gauntlet)
  Azrael (D:12)
  A fire dragon (Lair:6)
  17 hydras
  2 centaur warriors (D:14)
  A boulder beetle (Lair:6)
  4 two-headed ogres
  2 dancing weapons (D:14)
  2 thrashing horrors (Abyss:2)
  6 death yaks
  Sonja (D:12)
  A fire crab (Lair:5)
  An unseen horror (D:14)
  A wizard (D:15)
  2 deep elf magi
  2 lindwurms (Lair:6)
  3 ugly things
  A wolf spider zombie (D:14)
  2 manticores
  3 oklob plants (Lair:5)
  2 large abominations (Abyss:2)
  2 cyclopes
  2 worldbinders (Abyss:2)
  A moth of wrath (Gauntlet)
  A smoke demon (Abyss:2)
  An apocalypse crab (Gauntlet)
  6 black mambas
  Joseph (D:7)
  17 elephants
  6 torpor snails
  12 cane toads
  2 efreet
  A rime drake (Lair:5)
  12 komodo dragons
  5 trolls
  6 hornets (Lair:6)
  12 polar bears
  5 tyrant leeches
  5 raiju (Lair:6)
  Prince Ribbit (D:7)
  31 blink frogs
  3 slime creatures (D:13)
  A dream sheep (Lair:6)
  2 redbacks (Gauntlet)
  A wraith (D:13)
  A centaur simulacrum (D:14)
  7 wyverns
  2 shadows
  2 small abominations (Abyss:2)
  28 yaks
  5 basilisks
  2 fire elementals (D:12)
  4 wargs (Lair:6)
  17 spatial vortices (Abyss:2)
  Edmund (D:6)
  3 swamp worms (Lair:2)
  14 hell hounds
  An acid dragon (D:11)
  12 water moccasins
  7 ice beasts
  7 orc warriors
  9 sky beasts
  2 necrophages (D:12)
  13 black bears
  An eye of draining (D:15)
  4 ogres
  3 phantoms
  33 wolves
  4 centaurs
  A big kobold (D:11)
  21 bullfrogs
  A wyvern skeleton (D:12)
  8 scorpions
  14 wights
  16 killer bees
  9 electric eels
  7 howler monkeys
  4 centaur zombies
  2 jellies
  2 quasits
  A bullfrog zombie (D:5)
  10 hounds
  12 orc priests
  3 bullfrog skeletons
  11 orc wizards
  4 centaur skeletons
  2 iguanas
  7 worker ants
  2 hound skeletons
  2 hound zombies
  A howler monkey zombie (D:5)
  A howler monkey skeleton (D:4)
  15 adders
  A shadow imp (D:8)
  2 white imps
  2 ufetubi
  An ooze (D:6)
  6 worms (D:3)
  2 dart slugs
  8 leopard geckos
  59 orcs
  5 ball pythons
  12 giant cockroaches
  8 hobgoblins
  12 jackals
  11 kobolds
  6 quokkas
  8 bats
  16 frilled lizards
  8 goblins
  A jackal skeleton (D:5)
  3 leopard gecko skeletons
  4 quokka skeletons
  10 rats
718 creatures vanquished.

Vanquished Creatures (collateral kills)
  An orc warrior (D:11)
1 creature vanquished.

Vanquished Creatures (others)
  A fire elemental (D:12)
  A hell hound (D:12)
  14 demonic plants (Gauntlet)
  48 fungi
  73 plants
137 creatures vanquished.

Grand Total: 856 creatures vanquished

Notes
Turn   | Place    | Note
-------+----------+-------------------------------------------
     0 | D:1      | kae the Minotaur Fighter began the quest for the Orb.
     0 | D:1      | Reached XP level 1. HP: 19/19 MP: 0/0
   103 | D:1      | Reached XP level 2. HP: 27/27 MP: 1/1
   164 | D:1      | Reached skill level 3 in Axes
   222 | D:1      | Reached skill level 1 in Dodging
   558 | D:1      | Reached XP level 3. HP: 33/33 MP: 2/2
   666 | D:2      | Found a sacrificial altar of Ru.
   792 | D:2      | Reached XP level 4. HP: 39/40 MP: 3/3
  1086 | D:2      | Reached skill level 4 in Axes
  1494 | D:3      | Found a glowing drain.
  1511 | Sewer    | Entered a sewer
  1616 | Sewer    | Reached XP level 5. HP: 43/47 MP: 4/4
  1723 | Sewer    | Reached skill level 5 in Axes
  1732 | Sewer    | HP: 2/47 [bullfrog (6)]
  1733 | Sewer    | Reached XP level 6. HP: 3/55 MP: 5/5
  2479 | D:3      | Found a shimmering blue altar of Sif Muna.
  2785 | D:3      | Reached skill level 5 in Armour
  3214 | D:4      | Reached skill level 5 in Fighting
  3219 | D:4      | Reached skill level 6 in Axes
  3222 | D:4      | Reached XP level 7. HP: 42/61 MP: 6/6
  3237 | D:4      | HP: 4/91 [poisoned by a killer bee]
  3608 | D:4      | Found a broken altar of Ashenzari.
  3682 | D:4      | Found an opulent altar of Gozag.
  3875 | D:5      | Entered Level 5 of the Dungeon
  3946 | D:5      | Found a glowing silver altar of Zin.
  4019 | D:5      | Reached skill level 7 in Axes
  4024 | D:5      | Found a staircase to the Ecumenical Temple.
  4051 | Temple   | Entered the Ecumenical Temple
  4268 | Temple   | Became a worshipper of Qazlal Stormbringer
  4316 | D:5      | Found a stormy altar of Qazlal.
  4384 | D:5      | Found an opulent altar of Gozag.
  4395 | D:5      | Reached XP level 8. HP: 70/70 MP: 7/7
  4874 | D:6      | Reached skill level 8 in Axes
  4906 | D:6      | Found a runed translucent door.
  4911 | D:6      | Noticed SamuraiZach's ghost (novice MiFi)
  5236 | D:6      | Noticed Edmund
  5248 | D:6      | Killed Edmund
  5248 | D:6      | Reached skill level 5 in Dodging
  5434 | D:6      | Reached * piety under Qazlal
  5779 | D:7      | Reached skill level 9 in Axes
  5798 | D:7      | Reached skill level 1 in Invocations
  5799 | D:7      | Reached XP level 9. HP: 76/79 MP: 8/8
  5802 | D:7      | Noticed Prince Ribbit
  5809 | D:7      | Killed Prince Ribbit
  5868 | D:7      | Noticed Joseph
  5877 | D:7      | Killed Joseph
  6038 | D:7      | Reached skill level 10 in Axes
  6619 | D:7      | Found a radiant altar of Vehumet.
  6620 | D:7      | Found an ancient bone altar of Kikubaaqudgha.
  6813 | D:8      | Noticed a troll
  6852 | D:8      | Killed a troll
  6857 | D:8      | Reached ** piety under Qazlal
  6937 | D:8      | Found a staircase to the Lair.
  7063 | D:8      | Reached XP level 10. HP: 24/88 MP: 11/11
  7150 | D:8      | Noticed a deep elf mage
  7160 | D:8      | Killed a deep elf mage
  7160 | D:8      | Reached skill level 11 in Axes
  7540 | D:8      | Noticed a two-headed ogre
  7548 | D:8      | Killed a two-headed ogre
  8000 | D:9      | Found a huge runed translucent gate.
  8000 | D:9      | Found a huge runed translucent gate.
  8001 | D:9      | Found a huge runed translucent gate.
  8001 | D:9      | Noticed a death yak
  8002 | D:9      | Found a huge runed translucent gate.
  8042 | D:9      | Reached *** piety under Qazlal
  8413 | D:10     | Entered Level 10 of the Dungeon
  8427 | D:10     | Got a masterwork war axe
  8428 | D:10     | Identified the +10 war axe of Vodka {vorpal, Dex+3} (You
                  | found it on level 10 of the Dungeon)
  8743 | D:10     | Reached skill level 12 in Axes
  8899 | D:10     | Found Meat's Distillery.
  8911 | D:10     | Bought a potion of lignification for 51 gold pieces
  8968 | D:10     | Reached skill level 5 in Invocations
  9029 | D:10     | Reached XP level 11. HP: 91/97 MP: 13/13
  9150 | D:10     | Reached **** piety under Qazlal
  9160 | D:10     | Found a staircase to the Orcish Mines.
  9363 | D:11     | Noticed a two-headed ogre
  9377 | D:11     | Killed a two-headed ogre
  9589 | D:11     | Noticed a white ugly thing
  9596 | D:11     | Killed a white ugly thing
  9599 | D:11     | Reached skill level 10 in Fighting
  9629 | D:11     | Reached skill level 10 in Armour
  9662 | D:11     | Reached skill level 13 in Axes
  9891 | Lair:1   | Entered Level 1 of the Lair of Beasts
 10362 | Lair:1   | Found a dark tunnel.
 10749 | Lair:2   | Noticed an eight-headed hydra
 10808 | Lair:2   | Noticed a four-headed hydra
 10816 | Lair:1   | Killed a four-headed hydra
 10871 | Lair:1   | Killed a nine-headed hydra
 10963 | Lair:2   | Noticed a four-headed hydra
 10969 | Lair:2   | Reached XP level 12. HP: 107/107 MP: 15/15
 10970 | Lair:2   | Noticed an eight-headed hydra
 10976 | Lair:2   | Noticed a four-headed hydra
 11135 | Lair:2   | Killed a four-headed hydra
 11315 | Lair:2   | Reached skill level 14 in Axes
 11378 | Lair:2   | Killed an eight-headed hydra
 11473 | Lair:2   | Killed a four-headed hydra
 11676 | Lair:2   | Noticed a four-headed hydra
 11685 | Lair:2   | Killed a four-headed hydra
 11842 | Lair:2   | Found a staircase to the Swamp.
 12237 | Lair:3   | Found a gate leading to a gauntlet.
 12390 | Gauntlet | Entered a Gauntlet
 12390 | Gauntlet | Found a large runed translucent door.
 12390 | Gauntlet | Found a large runed translucent door.
 12390 | Gauntlet | Found a large runed translucent door.
 12390 | Gauntlet | Found a large runed translucent door.
 12390 | Gauntlet | Found a transporter.
 12390 | Gauntlet | Found a large runed translucent door.
 12390 | Gauntlet | Found a large runed translucent door.
 12390 | Gauntlet | Found a large runed translucent door.
 12390 | Gauntlet | Found a large runed translucent door.
 12390 | Gauntlet | Found a runed translucent door.
 12390 | Gauntlet | Found a runed translucent gate.
 12390 | Gauntlet | Found a transporter.
 12390 | Gauntlet | Found a transporter.
 12390 | Gauntlet | Found a runed translucent gate.
 12390 | Gauntlet | Found a transporter.
 12395 | Gauntlet | Found a transporter.
 12401 | Gauntlet | Noticed a death scarab
 12404 | Gauntlet | Found a transporter.
 12463 | Gauntlet | Found a runed translucent door.
 12464 | Gauntlet | Found a large runed translucent door.
 12464 | Gauntlet | Found a large runed translucent door.
 12464 | Gauntlet | Found a large runed translucent door.
 12464 | Gauntlet | Found a large runed translucent door.
 12465 | Gauntlet | Found a large runed translucent door.
 12465 | Gauntlet | Found a large runed translucent door.
 12466 | Gauntlet | Found a large runed translucent door.
 12466 | Gauntlet | Found a large runed translucent door.
 12470 | Gauntlet | Found a transporter.
 12482 | Gauntlet | Found a transporter.
 12496 | Gauntlet | Found a transporter.
 12506 | Gauntlet | Found a transporter.
 12516 | Gauntlet | Found the +0 pair of fencer's gloves {Riposte Dex+3}
 12521 | Gauntlet | Found a transporter.
 12527 | Gauntlet | Found a transporter.
 12550 | Gauntlet | Found a runed translucent gate.
 12593 | Gauntlet | Reached skill level 10 in Dodging
 12615 | Gauntlet | Got a translucent steel ring
 12620 | Gauntlet | Got a smoking cloak
 12631 | Gauntlet | Identified the +2 cloak of Touniler {rPois rCorr Str+4}
                  | (You found it in a Gauntlet)
 12704 | Gauntlet | Identified the cursed ring of Circularity {rElec Dex-4}
                  | (You found it in a Gauntlet)
 12721 | Gauntlet | Noticed a minotaur
 12734 | Gauntlet | Killed a minotaur
 12734 | Gauntlet | Reached skill level 15 in Axes
 12846 | Gauntlet | Identified Sif Muna's Compendium of Moulding
 12850 | Gauntlet | Got spiked acid dragon scales
 12852 | Gauntlet | Identified the cursed +0 acid dragon scales "Cyiwnohe"
                  | {*Contam Harm *Drain rElec rPois rCorr} (You found it in a
                  | Gauntlet)
 12853 | Gauntlet | Identified the Incunabulum of Displacement
 12970 | Lair:3   | Reached XP level 13. HP: 114/116 MP: 17/17
 13292 | Lair:3   | Found a staircase to the Shoals.
 13996 | Lair:4   | You fall into a shaft and drop 1 floor!
 14799 | Lair:4   | Reached skill level 16 in Axes
 15238 | Lair:5   | Found a staircase to the Slime Pits.
 15522 | Lair:5   | Found a broken altar of Ashenzari.
 15707 | Lair:5   | Reached XP level 14. HP: 127/127 MP: 19/19
 16131 | Lair:6   | Entered Level 6 of the Lair of Beasts
 16223 | Lair:6   | HP: 1/127 [komodo dragon (17)]
 16441 | Lair:6   | Reached skill level 17 in Axes
 16772 | Lair:6   | Reached ***** piety under Qazlal
 16774 | Lair:6   | Reached skill level 5 in Shields
 17276 | Lair:6   | Found a runed translucent door.
 17306 | Lair:6   | Reached skill level 10 in Invocations
 18115 | D:12     | Noticed Sonja
 18122 | D:12     | Cast into level 2 of the Abyss (Sonja)
 18168 | Abyss:2  | Reached XP level 15. HP: 136/136 MP: 21/21
 18187 | Abyss:2  | Noticed a daeva
 18187 | Abyss:2  | Reached ****** piety under Qazlal
 18207 | Abyss:2  | Killed a daeva
 18301 | D:12     | Escaped the Abyss
 18326 | D:12     | Killed Sonja
 18352 | D:12     | Noticed Nessos
 18380 | D:12     | Killed Nessos
 18380 | D:12     | Reached skill level 18 in Axes
 18564 | D:12     | Noticed Azrael
 18576 | D:12     | Killed Azrael
 19317 | D:13     | Found Kiylebif's Antique Weapon Shop.
 19793 | D:14     | Found a gate to the Vaults.
 19997 | D:14     | Found a shimmering blue altar of Sif Muna.
 20097 | D:15     | Entered Level 15 of the Dungeon
 20106 | D:15     | Noticed Jorgrun
 20113 | D:15     | Noticed Kirke
 20115 | D:15     | Killed from afar by Jorgrun

Illustrated notes

Levels and vault maps discovered:
D:1:      lemuel_arrival_funnel, layout_loops_ring
D:2:      layout_basic, nicolae_ru_awakened_eye
D:3:      layout_basic, cheibrodos_sewer_entry_bend, led_sif_book
D:4:      layout_basic, evilmike_ruin_ashenzari, old_standard_altar,
          minmay_starry_boxes
D:5:      layout_basic, kennysheep_mini_moat, minmay_temple_entry_grid,
          basic_altar, nicolae_gozag_cash_rules_everything_around_me
D:6:      layout_loops_cross, ebering_ghost_inner_flame, uniq_edmund
D:7:      layout_basic, gammafunk_temple_overflow_statue, uniq_prince_ribbit1,
          uniq_joseph
D:8:      layout_rooms, erik_lair_island, grunt_ministairs_9
D:9:      lemuel_bear_cage, layout_small_grid,
          hangedman_abyss_or_decor_lesser_grid
D:10:     layout_roguey, erik_orc_2, serial_shops, nicolae_shop_crystal
D:11:     layout_basic
D:12:     layout_irregular_city, uniq_sonja, uniq_nessos, uniq_azrael
D:13:     layout_cave_pools, serial_shops, nicolae_shop_overgrown_old_shop
D:14:     layout_big_octagon, erik_vaults_1, basic_altar
D:15:     gammafunk_depths_entry_grave, layout_rooms, cheibriados_altar_1,
          serial_shops, nicolae_shop_trees, nrook_mini_backslash,
          elyvilon_altar_1, uniq_kirke, uniq_jorgrun
Temple:   regret_index_temple_sphere_string
Lair:1:   layout_regular_city, lightli_volcano_entry_magma_tube
Lair:2:   layout_big_grid, palyth_hydra_swamp_entry, nzn_random_ring,
          infiniplex_staircase_pool_2
Lair:3:   layout_cave_pods, elwin_shoals_entry_rocks, gauntlet_entry_generic,
          grunt_megastairs_5, lemuel_fruit_tree, serial_bayou_shore_a
Lair:4:   cheibrodos_lair_river_kwai, layout_cave_pods
Lair:5:   layout_cave_pods, minmay_slime_entry_oklob_enclosed, basic_altar
Lair:6:   hangedman_lair_caniforms_friends, layout_small_grid, wormcave

Skill      XL: |  1  2  3  4  5  6  7  8  9 10 11 12 13 14 15 |
---------------+----------------------------------------------+-----
Axes           | 3 4 5 6 7 9 10 12 13 15 16 17 18 | 18.4
Dodging        | 1 2 3 4 5 6 7 9 10 11 12 | 12.6
Armour         | 4 5 6 7 8 9 10 11 12 13 | 13.9
Fighting       | 4 5 6 7 8 9 10 11 12 13 14 | 14.0
Invocations    | 1 3 5 6 7 9 10 | 10.7
Shields        | 6 7 |  7.7

Action                   |  1- 3 |  4- 6 |  7- 9 | 10-12 | 13-15 || total
-------------------------+-------+-------+-------+-------+-------++-------
Melee: War axe           |    78 |   192 |   272 |   414 |   725 ||  1681
       Headbutt          |    12 |    27 |    43 |    79 |   186 ||   347
       Unarmed           |       |       |       |    13 |       ||    13
Invok: Upheaval          |       |       |       |    19 |     4 ||    23
       Elemental Force   |       |       |       |     1 |       ||     1
Evoke: Wand              |       |       |       |     7 |       ||     7
       Condenser vane    |       |       |       |     1 |       ||     1
  Use: Potion            |       |     1 |     2 |       |       ||     3
       Scroll            |       |       |    12 |    21 |     6 ||    39
Armor: Scale mail        |    32 |    54 |       |       |       ||    86
       Pearl dragon scal |       |    20 |   118 |   198 |   381 ||   717
       Skin              |       |     8 |    43 |     1 |       ||    52
Dodge: Dodged            |    39 |    89 |   115 |   170 |   391 ||   804
       Repelled          |       |       |       |       |     3 ||     3
Block: Kite shield       |    43 |   110 |   153 |   277 |   618 ||  1201
       Other             |       |       |       |     1 |       ||     1

Table legend: (Time is in decaauts)
 A = Elapsed time spent in this place.
 B = Non-inter-level travel time spent in this place.
 C = Inter-level travel time spent in this place.
 D = Time resting spent in this place.
 E = Time spent auto-exploring this place.
 F = Levels seen in this place.
 G = Mean time per level.
                   A        B        C        D        E       F      G
               +--------+--------+--------+--------+--------+-----+--------+
         Total |  20229 |  19259 |    970 |   2182 |  13302 |  25 |  809.2 |
       Dungeon |  10770 |  10250 |    520 |    788 |   7449 |  15 |  718.0 |
        Temple |    242 |    165 |     77 |      0 |    163 |   1 |  242.0 |
          Lair |   7542 |   7169 |    373 |    943 |   5095 |   6 | 1257.0 |
         Abyss |    162 |    162 |      0 |     59 |      0 |   1 |  162.0 |
         Sewer |   1026 |   1026 |      0 |    285 |    406 |   1 | 1026.0 |
      Gauntlet |    485 |    485 |      0 |    107 |    188 |   1 |  485.0 |
               +--------+--------+--------+--------+--------+-----+--------+

Top non-repeatable levels by time:
  Lair:6: 1547 daAuts
  Lair:5: 1285 daAuts
  Lair:2: 1254 daAuts
  Lair:3: 1243 daAuts
  Lair:4: 1187 daAuts
     D:8: 1083 daAuts
     D:7: 1037 daAuts
     D:3: 1028 daAuts
   Sewer: 1026 daAuts
  Lair:1: 1022 daAuts
    D:10: 930 daAuts
     D:6: 929 daAuts
    D:12: 909 daAuts
     D:4: 845 daAuts
     D:5: 701 daAuts
